 Dungeon Crawl Stone Soup version 0.31-a0-1159-g800acc2fd1 (webtiles) character file.

Game seed: 14297708509435686325

70 Malachi the Grave Robber (level 4, -3/30 HPs)
             Began as a Mummy Necromancer on Dec 8, 2023.
             Constricted to death by Ijyb (6 damage)
             ... on level 3 of the Dungeon.
             The game lasted 00:03:54 (2313 turns).

Malachi the Grave Robber (Mummy Necromancer)        Turns: 2313, Time: 00:03:55

Health: -3/30      AC:  3    Str: 11    XL:     4   Next: 4%
Magic:  1/10       EV:  9    Int: 16    God:
Gold:   118        SH:  0    Dex: 12    Spells: 3/11 levels left

rFire   x . .        d - +0 dagger
rCold   + . .        (no shield)
rNeg    + + +        a - +0 robe
rPois   ∞            b - +1 hat
rElec   .            (no cloak)
rCorr   .            (no gloves)
SInv    .            (no boots)
Will    .....        (no amulet)
Stlth   ++           (no ring)
HPRegen 0.25/turn    (no ring)
MPRegen 0.12/turn

%: faith
@: grasped by roots, constricted
A: cold resistance 1, negative energy resistance 3, torment resistance 2, heat
vulnerability 1, in touch with death 1, no potions, faith
a: no special abilities


You were on level 3 of the Dungeon.
You visited 1 branch of the dungeon, and saw 3 of its levels.

You collected 118 gold pieces.

Inventory:

Hand Weapons
 d - a +0 dagger (weapon)
Armour
 a - a +0 robe (worn)
 b - a +1 hat (worn)
Scrolls
 c - a scroll of enchant weapon
 e - 3 scrolls of teleportation
 f - a scroll of immolation {unknown}
 g - a scroll of silence {unknown}
 h - a scroll of torment {unknown}


   Skills:
 - Level 1.6 Dodging
 - Level 1.6 Stealth
 + Level 4.2 Spellcasting
 + Level 4.8 Necromancy


You had 3 spell levels left.
You knew the following spells:

 Your Spells              Type           Power      Damage    Failure   Level
a - Necrotise             Necr           100%       1d9       2%          1
b - Vampiric Draining     Necr           28%        2d8       7%          3
c - Animate Dead          Necr           28%        N/A       22%         4

Your spell library contained the following spells:

 Spells                   Type           Power      Damage    Failure   Level
 Agony                    Necr           28%        N/A       52%         5


Dungeon Overview and Level Annotations

Branches:
Dungeon (3/15)

Altars:

Annotations:
D:2 1 runed translucent door, exclusion: door, Crazy Yiuf
D:3 Ijyb


Innate Abilities, Weirdness & Mutations

You are immune to poison.
Your flesh is cold resistant. (rC+)
You are immune to negative energy. (rN+++)
You are immune to unholy pain and torment.
You are vulnerable to heat. (rF-)
You are in touch with the powers of death.
You do not drink.
You have a special connection with the divine. (Faith)


Message History

You feel life coursing into your body.
Ijyb zaps a wand.
The roots erupt in riotous growth!
The grasping roots grab you!
Ijyb is unaffected.
The grasping roots constrict you.
Unknown command.
Casting: Vampiric Draining (quite dangerous; 7% risk of failure)
Confirm with . or Enter, or press ? or * to list all spells.
Aiming: Vampiric Draining (quite dangerous; 7% risk of failure)
Press: ? - help, Shift-Dir - straight line, f/p - Ijyb
Aim: Ijyb, wielding a +0 dagger, wearing a +0 ring mail and carrying a wand of roots (heavily wounded)
You feel a surge of power!
You draw life force from Ijyb.
You feel life coursing into your body. Ijyb hits you with a +0 dagger.
The grasping roots constrict you.
Unknown command.
Unknown command.
You closely miss Ijyb.
Ijyb is almost dead.
A worm comes into view.
Ijyb hits you but does no damage. The grasping roots constrict you.
The grasping roots release their grip on you.
You completely miss Ijyb.
Ijyb is almost dead.
Ijyb barely misses you.
You closely miss Ijyb.
Ijyb is almost dead.
Ijyb zaps a wand.
The roots erupt in riotous growth!
The grasping roots grab you!
Ijyb is unaffected.
The grasping roots constrict you.
You hit Ijyb but do no damage.
Ijyb is severely wounded.
Ijyb barely misses you. The grasping roots constrict you.
* * * LOW HITPOINT WARNING * * *
You hit Ijyb but do no damage.
Ijyb is severely wounded.
Ijyb hits you but does no damage. The grasping roots constrict you.
* * * LOW HITPOINT WARNING * * *
You closely miss Ijyb.
Ijyb is severely wounded.
Ijyb closely misses you. The grasping roots constrict you.
You die...

#######
#.....#
#.#<#.#
#.#.#.#
#.#.#.###.#
#...#.@gw.#
###########


You could see Ijyb and a worm.

Vanquished Creatures
  An adder (D:2)
  2 worms (D:2)
  2 dart slugs
  An orc (D:2)
  3 ball pythons (D:1)
  5 bats
  3 endoplasms (D:1)
  A giant cockroach (D:2)
  3 goblins (D:1)
  4 hobgoblins
  4 jackals (D:2)
  5 quokkas
  2 frilled lizards
  3 kobolds
  4 rats (D:1)
43 creatures vanquished.

Vanquished Creatures (collateral kills)
  An endoplasm (D:2)
  3 rats
4 creatures vanquished.

Grand Total: 47 creatures vanquished

Notes
Turn   | Place    | Note
-------+----------+-------------------------------------------
     0 | D:1      | Malachi the Mummy Necromancer began the quest for the Orb.
     0 | D:1      | Reached XP level 1. HP: 13/13 MP: 4/4
   284 | D:1      | Reached XP level 2. HP: 19/19 MP: 4/6
   749 | D:1      | Reached XP level 3. HP: 24/24 MP: 2/8
  1206 | D:2      | Learned a level 3 spell: Vampiric Draining
  1821 | D:2      | Reached XP level 4. HP: 30/30 MP: 0/10
  2253 | D:2      | Found a runed translucent door.
  2254 | D:2      | Noticed Crazy Yiuf
  2290 | D:2      | Learned a level 4 spell: Animate Dead
  2301 | D:3      | Noticed Ijyb
  2313 | D:3      | Constricted to death by Ijyb

Illustrated notes

Levels and vault maps discovered:
D:1:      dpeg_arrival_windows_large_door, layout_basic
D:2:      layout_basic, amcnicky_mini_corridor_feature, uniq_crazy_yiuf_cottage
D:3:      minmay_general_purpose_star, layout_basic, grunt_ministairs_4,
          nicolae_kite_square_tiling_tiny, uniq_sigmund, uniq_ijyb

Skill      XL: |  1  2  3 |
---------------+----------+-----
Spellcasting   | 3 4 |  4.2
Dodging        | |  1.6
Stealth        | |  1.6
Necromancy     | |  4.8

Action                     |  1- 3 |  4- 6 || total
---------------------------+-------+-------++-------
  Melee: Club              |     2 |       ||     2
         Dagger            |     3 |     7 ||    10
   Cast: Necrotise         |    83 |     4 ||    87
         Vampiric Draining |       |     3 ||     3
    Use: Scroll            |     2 |       ||     2
 Armour: Robe              |    21 |     4 ||    25
  Dodge: Dodged            |    35 |     4 ||    39

Table legend: (Time is in decaauts)
 A = Elapsed time spent in this place.
 B = Non-inter-level travel time spent in this place.
 C = Inter-level travel time spent in this place.
 D = Time resting spent in this place.
 E = Time spent auto-exploring this place.
 F = Levels seen in this place.
 G = Mean time per level.
                   A        B        C        D        E       F      G
               +--------+--------+--------+--------+--------+-----+--------+
         Total |   2312 |   2254 |     58 |    610 |   1370 |   3 |  770.7 |
       Dungeon |   2312 |   2254 |     58 |    610 |   1370 |   3 |  770.7 |
               +--------+--------+--------+--------+--------+-----+--------+

Top non-repeatable levels by time:
     D:2: 1253 daAuts
     D:1: 1036 daAuts
     D:3: 21 daAuts
